 Dungeon Crawl Stone Soup version 0.31.0-11-ge490571c62 (webtiles) character file.

Game seed: 17459993117037422471

233 qw the Shooter (level 5, -3/26 HPs)
             Began as a Spriggan Hunter on Feb 5, 2024.
             Incinerated by a bombardier beetle (4 damage)
             ... with a burning spray
             ... on level 4 of the Dungeon.
             The game lasted 00:01:45 (2677 turns).

qw the Shooter (Spriggan Hunter)                    Turns: 2677, Time: 00:01:45

Health: -3/26      AC:  6    Str:  7    XL:     5   Next: 74%
Magic:  6/6        EV: 20    Int: 11    God:
Gold:   125        SH:  0    Dex: 20    Spells: 4/4 levels left

rFire   . . .        a - +0 shortbow (drain)
rCold   + . .        (shield currently unavailable)
rNeg    . . .        c - +0 robe
rPois   .            k - +2 hat
rElec   .            g - +1 cloak {rCorr}
rCorr   +            (gloves unavailable)
SInv    +            (boots unavailable)
Will    .....        (no amulet)
Stlth   +            d - ring of protection from cold
HPRegen 0.24/turn    (no ring)
MPRegen 0.10/turn

%: no passive effects
@: on fire, glowing, very quick
A: very small, no large weapons, unfitting armour, see invisible, speed 3
a: no special abilities


You were on level 4 of the Dungeon.
You visited 1 branch of the dungeon, and saw 4 of its levels.

You collected 125 gold pieces.


Innate Abilities, Weirdness & Mutations

You are very small and have problems with some larger weapons.
You are too small for most types of armour.
You have supernaturally acute eyesight. (SInv)
You cover ground extremely quickly. (Speed+++)


   Skills:
 - Level 2.0 Fighting
 - Level 6.0 Ranged Weapons
 + Level 5.1 Dodging
 - Level 1.5 Stealth


You had 4 spell levels left.
You didn't know any spells.
Your spell library was empty.

Inventory:

Hand Weapons
 a - a +0 shortbow of draining (weapon)
Armour
 c - a +0 robe (worn)
 g - a +1 cloak of preservation (worn)
 k - a +2 hat (worn)
Jewellery
 d - a ring of protection from cold (left hand)
 e - a ring of fire
Scrolls
 i - a scroll of fear {unknown}
Potions
 b - 2 potions of enlightenment
 f - a potion of haste
 h - a potion of berserk rage {unknown}
 j - a potion of curing {unknown}

Dungeon Overview and Level Annotations

Branches:
Dungeon (4/15)
 Temple: D:4-7

Altars:
Kikubaaqudgha
Makhleb
Trog

Annotations:
D:3 1 runed translucent door, Crazy Yiuf


Message History

Things that are here:
a +3 dagger; a +0 sling A bombardier beetle comes into view.
Found a mace.
You shoot an arrow.
The arrow closely misses the bombardier beetle.
The bombardier beetle completely misses you.
You shoot an arrow.
The arrow completely misses the bombardier beetle.
The bombardier beetle completely misses you.
You shoot an arrow. The arrow hits the bombardier beetle.
The bombardier beetle is moderately wounded.
You shoot an arrow. The arrow hits the bombardier beetle!
The bombardier beetle is almost dead.
The bombardier beetle sprays incendiary fluid at you.
The burning spray hits you.
You are covered in liquid fire!
You shoot an arrow.
The arrow hits the bombardier beetle but does no damage.
You drain the bombardier beetle.
You kill the bombardier beetle!
The liquid fire burns you!
Your Ranged Weapons skill increases to level 6!
You are on fire!
The liquid fire burns you!
You are on fire!
The liquid fire burns you!
You are on fire!
The liquid fire burns you!
You are on fire!
The liquid fire burns you!
You are on fire!
The liquid fire burns you!
You are on fire!
The liquid fire burns you!
You are on fire!
The liquid fire burns you!
You are on fire!
The liquid fire burns you!
You die...

### ## # .). .# #.
#.# .# #.# #%#.#
..###@.# .. #
#.#.#.# #..
#.##)##.# #..#
#.......#
....#####'####...
................#
###.....###...###.
........###..###..
........##)..#....


There were no monsters in sight!

Vanquished Creatures
  A bombardier beetle (D:4)
  An orc wizard (D:4)
  A sleepcap (D:3)
  6 adders
  A dart slug (D:2)
  3 ribbon worms
  13 orcs
  7 endoplasms
  3 giant cockroaches
  8 goblins
  4 hobgoblins
  6 jackals
  3 quokkas
  3 ball pythons (D:1)
  6 bats
  2 frilled lizards (D:3)
  5 kobolds
  3 rats
76 creatures vanquished.

Notes
Turn   | Place    | Note
-------+----------+-------------------------------------------
     0 | D:1      | qw the Spriggan Hunter began the quest for the Orb.
     0 | D:1      | Reached XP level 1. HP: 10/10 MP: 2/2
     0 | D:1      | 0 ||| qw: Version: 0.3-a-160-g6735b56
     0 | D:1      | 0 ||| qw: Game counter: 6322
     0 | D:1      | 0 ||| qw: Melee chars always use a shield: true
     0 | D:1      | 0 ||| qw: God list: Okawaru
     0 | D:1      | 0 ||| qw: Allow faded altars: false
     0 | D:1      | 0 ||| qw: Do Orc after clearing Dungeon:15 true
     0 | D:1      | 0 ||| qw: Do second Lair branch before Depths: true
     0 | D:1      | 0 ||| qw: Lair rune preference: random
     0 | D:1      | 0 ||| qw: Goals: Normal
     0 | D:1      | 0 ||| PLANNING D:1-11
    49 | D:1      | Reached skill level 3 in Dodging
   169 | D:1      | Reached XP level 2. HP: 14/14 MP: 3/3
   420 | D:1      | Reached XP level 3. HP: 18/18 MP: 4/4
   739 | D:1      | 739 ||| UPGRADING to +1 cloak of preservation.
   744 | D:1      | 744 ||| UPGRADING to ring of protection from cold.
   745 | D:1      | 745 ||| READING 2 scrolls labelled VUNTUKKIOHE.
   745 | D:1      | 745 ||| IDENTIFYING fuming puce potion
   746 | D:1      | 746 ||| DROPPING scroll of butterflies.
   747 | D:1      | 747 ||| DROPPING potion of lignification.
  1636 | D:2      | 1636 ||| READING 2 scrolls of identify.
  1636 | D:2      | 1636 ||| IDENTIFYING murky pink potion
  1637 | D:2      | 1637 ||| READING scroll of identify.
  1637 | D:2      | 1637 ||| IDENTIFYING cyan potion
  1638 | D:2      | 1638 ||| READING scroll labelled QUHITE DOUZ.
  1739 | D:2      | 1739 ||| DRINKING 2 murky brown potions.
  1740 | D:2      | 1740 ||| DROPPING potion of degeneration.
  1794 | D:3      | Reached skill level 5 in Ranged Weapons
  1831 | D:3      | Reached XP level 4. HP: 22/22 MP: 5/5
  1942 | D:3      | Found an ancient bone altar of Kikubaaqudgha.
  2118 | D:3      | Found a runed translucent door.
  2119 | D:3      | Noticed Crazy Yiuf
  2162 | D:3      | Reached XP level 5. HP: 26/26 MP: 6/6
  2232 | D:3      | Found a bloodstained altar of Trog.
  2319 | D:3      | Found a burning altar of Makhleb.
  2319 | D:3      | Noticed an Executioner
  2322 | D:3      | Noticed a hellwing
  2322 | D:3      | Noticed a ynoxinul
  2420 | D:3      | 2420 ||| UPGRADING to +2 hat.
  2425 | D:3      | 2425 ||| READING scroll labelled WOEPHOXESO.
  2425 | D:3      | 2425 ||| BRANDING +0 shortbow.
  2426 | D:3      | 2426 ||| READING 3 scrolls labelled ZOMUR YRID.
  2427 | D:3      | 2427 ||| READING scroll labelled FABBOO ZEFU.
  2428 | D:3      | 2428 ||| DROPPING 2 scrolls of fog.
  2670 | D:4      | Reached skill level 6 in Ranged Weapons
  2674 | D:4      | HP: 6/26 [burnt (3)]
  2676 | D:4      | HP: 1/26 [burnt (2)]
  2677 | D:4      | Incinerated by a bombardier beetle

Levels and vault maps discovered:
D:1:      scummos_arrival_simple_crosswalls, layout_loops_ring, feat_on_display
D:2:      wander_river, layout_basic, kennysheep_another_room
D:3:      layout_rooms, trog_three_pillars_becter, mainiacjoe_overflow_chevrons,
          makhleb_altar_promises_db, st_stairs_13, hellmonk_no_cap,
          uniq_crazy_yiuf_cottage
D:4:      layout_cave_pools, kennysheep_generic_room_9, uniq_edmund

Skill      XL: |  1  2  3  4  5 |
---------------+----------------+-----
Dodging        | 3 4 5 |  5.1
Ranged Weapons | 5 6 |  6.0
Fighting       | 2 |  2.0
Stealth        | |  1.5

Action                     |  1- 3 |  4- 6 || total
---------------------------+-------+-------++-------
   Fire: Shortbow          |   137 |   100 ||   237
    Use: Scroll            |     4 |     3 ||     7
         Potion            |     1 |       ||     1
 Armour: Robe              |    18 |     7 ||    25
  Dodge: Dodged            |    53 |    39 ||    92

Table legend:
 A = Non-vault XP
 B = Vault XP
 C = Vault XP percentage of total XP
 D = Non-vault monster count
 E = Vault monster count
 F = Vault count percentage of total count
                 A         B        C        D         E       F
            +---------+---------+-------+---------+---------+-------
      Total |     249 |      84 |  25.2 |      70 |       6 |   7.9
            +---------+---------+-------+---------+---------+-------
        D:1 |      41 |       0 |   0.0 |      25 |       0 |   0.0
        D:2 |      38 |       0 |   0.0 |      13 |       0 |   0.0
        D:3 |      95 |      41 |  30.1 |      21 |       4 |  16.0
        D:4 |      75 |      43 |  36.4 |      11 |       2 |  15.4
            +---------+---------+-------+---------+---------+-------
